 Dungeon Crawl Stone Soup version 0.16.2-12-gd0ad4c3 (webtiles) character file.

5390 Peloso the Blocker (level 10, -3/88 HPs)
             Began as a Minotaur Fighter on Oct 13, 2015.
             Was an Elder of Okawaru.
             Splashed by an oklob sapling's acid (8 damage)
             ... on level 9 of the Dungeon.
             The game lasted 00:26:30 (7738 turns).

Peloso the Blocker (Minotaur Fighter)               Turns: 7738, Time: 00:26:31

Health: -3/88      AC: -7    Str: 21    XL:     10   Next: 39%
Magic:  0/4        EV:  8    Int:  5    God:    Okawaru [****..]
Gold:   627        SH: 20    Dex: 14    Spells: 0 memorised, 9 levels left

rFire  + . .     SeeInvis .     b - +2 scimitar (elec)
rCold  + + .     Clarity  .     H - +0 chain mail
rNeg   . . .     SustAb   .     u - +2 large shield
rPois  .         Gourm    .     (helmet restricted)
rElec  .         Spirit   +     s - +1 cloak
rCorr  .         Warding  .     Q - +0 pair of gloves
rMut   .         Stasis   .     A - +0 pair of boots
MR     .....                    m - amulet of guardian spirit
Stlth  ..........               M - ring of protection from fire
                                N - ring "Erherom" {rC++ AC+2 Str-2 Dex+3}

@: corroded equipment, not resistant to hostile enchantments, extremely
unstealthy
A: retaliatory headbutt, horns 2
a: Heroism, Renounce Religion


You were on level 9 of the Dungeon.
You worshipped Okawaru.
Okawaru was greatly pleased with you.
You were hungry.

You visited 2 branches of the dungeon, and saw 10 of its levels.
You also visited: Ossuary.

You collected 627 gold pieces.

Inventory:

Hand weapons
 a - a +1 long sword
 b - a +2 scimitar of electrocution (weapon)
 f - a +1 short sword of draining
Armour
 s - a +1 cloak (worn)
 u - a +2 large shield (worn)
 y - the -8 ring mail "Bloor" {SInv}
   (You found it on level 5 of the Dungeon)

   It enhances your eyesight.
 A - a +0 pair of boots (worn)
 H - a +0 chain mail (worn)
 Q - a +0 pair of gloves (worn)
Jewellery
 h - an uncursed ring of stealth
 m - an amulet of guardian spirit (around neck)
 o - an uncursed ring of wizardry
 v - an uncursed ring of ice
 J - the ring "Jiqor" {SustAb MR+}
   (You found it on level 8 of the Dungeon)

   [ring of sustain abilities]

   It sustains your strength, intelligence and dexterity.
   It affects your resistance to hostile enchantments.
 L - an uncursed ring of sustain abilities
 M - a ring of protection from fire (right hand)
 N - the ring "Erherom" (left hand) {rC++ AC+2 Str-2 Dex+3}
   (You found it on level 8 of the Dungeon)

   [ring of protection]

   It affects your AC (+2).
   It affects your strength (-2).
   It affects your dexterity (+3).
   It greatly protects you from cold.
Magical devices
 e - a wand of flame (9)
 I - a wand of magic darts (16)
Scrolls
 g - 3 scrolls of identify
 p - a scroll of blinking
 t - 4 scrolls of magic mapping
 x - a scroll of teleportation
 z - 5 scrolls of remove curse
 B - a scroll of fog
 O - a scroll of amnesia {unknown}
 P - a scroll of enchant armour
Potions
 i - 4 potions of brilliance
 j - 3 potions of curing
 l - a potion of lignification {unknown}
 q - a potion of cancellation {unknown}
 r - 5 potions of heal wounds
 w - a potion of resistance
 C - 3 potions of flight
 E - 4 potions of restore abilities
 F - 4 potions of haste {unknown}
 G - 3 potions of might
 S - a potion of ambrosia {unknown}
Books
 c - a book of Conjurations

   Spells                             Type                      Level
   a - Magic Dart                     Conjuration                  1
   b - Searing Ray                    Conjuration                  2
   c - Dazzling Spray                 Conjuration/Hexes            3
   d - Fulminant Prism                Conjuration/Hexes            4
   e - Iskenderun's Mystic Blast      Conjuration                  4
   f - Iskenderun's Battlesphere      Conjuration/Charms           5
Comestibles
 d - 3 bread rations
 n - 11 fruits
 D - 3 beef jerkies
 K - a meat ration


   Skills:
 + Level 8.3 Fighting
 + Level 8.5 Long Blades
 + Level 7.8 Armour
 + Level 6.1 Dodging
 + Level 1.4 Stealth
 + Level 11.5 Shields


You had 9 spell levels left.
You didn't know any spells.

Dungeon Overview and Level Annotations

Branches:
Dungeon (9/15)             Temple (1/1) D:4            Lair (0/8) D:9
    Orc: D:9-12

Altars:
Ashenzari
Cheibriados
Dithmenos
Elyvilon
Fedhas
Gozag
Kikubaaqudgha
Makhleb
Nemelex Xobeh
Okawaru
Qazlal
Ru
Sif Muna
Trog
Vehumet
Xom
Yredelemnul
Zin
The Shining One

Shops:
D:8 %

Annotations:
D:9 exclusion: oklob sapling


Innate Abilities, Weirdness & Mutations

You reflexively headbutt those who attack you in melee.
You have a pair of horns on your head.


Message History

Unknown command.
You hit the wandering mushroom but do no damage.
You headbutt the wandering mushroom!
You destroy the wandering mushroom!
Unknown command.
You see here 2 fruits.
You hit the oklob sapling but do no damage.
You headbutt the oklob sapling.
The oklob sapling is lightly damaged.
The oklob sapling spits acid at you. The splash of acid hits you!
The acid corrodes your equipment!
The acid burns!
* * * LOW HITPOINT WARNING * * *
You hit the oklob sapling but do no damage.
There is a sudden explosion of sparks!
The oklob sapling is severely damaged.
The oklob sapling spits acid at you. The splash of acid hits you!
* * * LOW HITPOINT WARNING * * *
The acid corrodes your equipment!
The acid burns!
You die...

########...###..#..#....#########
.........).......................
..###########....................
..###########..#########.........
.................................
.............♣♣♣♣♣♣♣♣♣♣.......)..
............♣♣♣♣♣♣♣♣♣.♣♣.........
.......#####♣♣♣%.P♣♣.♣.♣######..#
..<....# ♣%_@♣ ♣.♣.♣ #..#
.......#####♣♣.%.♣♣♣.♣.♣######..#
............♣♣%♣..♣.♣♣.♣....<...#
............♣♣♣♣♣♣.♣.♣♣..........
............♣ ♣♣.♣♣♣♣#########
....######### ♣♣♣♣♣#
....#################..##########
.................................
.....<........########...........


You could see an oklob sapling.

Vanquished Creatures
  A fire drake (D:9)
  A troll (D:9)
  A two-headed ogre (D:8)
  4 wandering mushrooms (D:9)
  2 hippogriffs
  4 sky beasts
  3 ogres
  A wasp (D:9)
  The ghost of Peloso the Shield-Bearer, an average MiFi (D:3)
  A phantom (D:5)
  An ice beast (D:5)
  2 big kobolds (D:9)
  A crocodile (D:9)
  Duvessa (D:4)
  3 centaurs
  Blork the orc (D:9)
  4 giant frogs
  A water moccasin zombie (Ossuary)
  A water moccasin skeleton (D:7)
  A scorpion (D:8)
  An oklob sapling (D:9)
  3 wights (D:7)
  11 killer bees
  Dowan (D:4)
  3 crimson imps
  A centaur zombie (D:7)
  A jelly (D:8)
  A hound (D:9)
  3 orc priests
  2 giant frog skeletons
  3 iguanas
  An orc wizard (D:4)
  7 worker ants
  3 big kobold zombies (Ossuary)
  The ghost of grerr the Shield-Bearer, a weakling MiFi (D:4)
  A hound zombie (D:6)
  2 hound skeletons (D:5)
  2 mummies (Ossuary)
  A worker ant zombie (D:8)
  13 adders
  2 shadow imps
  A giant mite (D:6)
  2 worms
  7 adder zombies
  An ooze (D:5)
  26 orcs
  A ball python (D:2)
  2 bat skeletons
  A bat zombie (D:7)
  9 giant cockroaches
  4 gnoll zombies (Ossuary)
  17 goblins
  14 hobgoblins
  7 jackals
  4 quokkas
  6 bats
  7 giant geckos
  A giant gecko skeleton (D:7)
  A giant gecko zombie (D:5)
  4 giant newts
  7 hobgoblin zombies (Ossuary)
  18 kobolds
  3 kobold zombies (Ossuary)
  4 orc zombies (Ossuary)
  2 quokka zombies
  11 rats
258 creatures vanquished.

Notes
Turn   | Place    | Note
--------------------------------------------------------------
     0 | D:1      | Peloso, the Minotaur Fighter, began the quest for the Orb.
     0 | D:1      | Reached XP level 1. HP: 19/19 MP: 1/1
    87 | D:1      | Reached XP level 2. HP: 18/27 MP: 1/1
   278 | D:1      | Reached skill level 4 in Armour
   650 | D:2      | Reached XP level 3. HP: 30/33 MP: 2/2
   866 | D:2      | Reached skill level 1 in Dodging
   866 | D:2      | Reached XP level 4. HP: 38/41 MP: 2/2
  1401 | D:3      | Noticed Peloso's ghost (average MiFi)
  1415 | D:3      | Killed Peloso's ghost
  1415 | D:3      | Reached XP level 5. HP: 43/47 MP: 2/2
  1801 | D:3      | Reached skill level 5 in Shields
  2007 | D:3      | Reached skill level 5 in Armour
  2101 | D:4      | Found a snail-covered altar of Cheibriados.
  2199 | D:4      | Reached XP level 6. HP: 45/53 MP: 3/3
  2275 | D:4      | Noticed an ogre
  2286 | D:4      | Killed an ogre
  2286 | D:4      | Reached skill level 5 in Fighting
  2312 | D:4      | Found a staircase to the Ecumenical Temple.
  2327 | D:4      | Noticed Duvessa
  2327 | D:4      | Noticed Dowan
  2343 | D:4      | Killed Duvessa
  2352 | D:4      | Killed Dowan
  2372 | Temple   | Entered the Ecumenical Temple
  2376 | Temple   | Became a worshipper of Warmaster Okawaru
  2631 | D:4      | Reached XP level 7. HP: 59/61 MP: 3/3
  2887 | D:4      | Noticed grerr's ghost (weakling MiFi)
  2901 | D:4      | Killed grerr's ghost
  3381 | D:5      | Entered Level 5 of the Dungeon
  3405 | D:5      | Got a translucent ring mail
  3416 | D:5      | Identified the -8 ring mail "Bloor" {SInv} (You found it on level 5 of the Dungeon)
  3542 | D:5      | Reached skill level 6 in Shields
  4148 | D:5      | Acquired Okawaru's first power
  4203 | D:5      | Reached XP level 8. HP: 46/70 MP: 3/3
  4224 | D:5      | Reached skill level 5 in Long Blades
  4224 | D:5      | Reached skill level 7 in Shields
  4762 | D:6      | Reached skill level 1 in Stealth
  4862 | D:6      | Found a sand-covered staircase.
  4868 | Ossuary  | Entered an ossuary
  5817 | D:7      | Found a sparkling altar of Nemelex Xobeh.
  5854 | D:7      | Reached skill level 8 in Shields
  5889 | D:7      | Reached XP level 9. HP: 78/78 MP: 4/4
  5940 | D:7      | Reached skill level 5 in Dodging
  5947 | D:7      | Found an ancient bone altar of Kikubaaqudgha.
  6147 | D:7      | Found a shimmering altar of Xom.
  6539 | D:8      | Reached skill level 9 in Shields
  6662 | D:8      | Got a scorched ivory ring
  6740 | D:8      | Found a radiant altar of Vehumet.
  6741 | D:8      | Found a bloodstained altar of Trog.
  6881 | D:8      | Got a sparkling copper ring
  6883 | D:8      | Identified the ring "Erherom" {rC++ AC+2 Str-2 Dex+3} (You found it on level 8 of the Dungeon)
  6931 | D:8      | Found Kausa's Food Shop.
  7149 | D:9      | Reached skill level 10 in Shields
  7323 | D:9      | Reached XP level 10. HP: 55/88 MP: 3/4
  7373 | D:9      | Identified the ring "Jiqor" {SustAb MR+} (You found it on level 8 of the Dungeon)
  7403 | D:9      | Found a staircase to the Lair.
  7403 | D:9      | Noticed a fire drake
  7411 | D:9      | Killed a fire drake
  7494 | D:9      | Found a shadowy altar of Dithmenos.
  7521 | D:9      | Reached skill level 11 in Shields
  7605 | D:9      | Noticed Blork the orc
  7611 | D:9      | Killed Blork the orc
  7720 | D:9      | Found a blossoming altar of Fedhas.
  7738 | D:9      | Splashed by an oklob sapling's acid

Action                   |  1- 3 |  4- 6 |  7- 9 | 10-12 || total
-------------------------+-------+-------+-------+-------++-------
Melee: Long sword        |   107 |   159 |   314 |       ||   580
       Scimitar          |       |       |   208 |    61 ||   269
  Use: Scroll            |     2 |     8 |     8 |       ||    18
       Potion            |       |     4 |       |       ||     4
  Eat: Pizza             |       |     1 |       |     1 ||     2
       Chunk             |       |     3 |    13 |       ||    16
       Beef jerky        |       |     1 |       |       ||     1
       Royal jelly       |       |       |     1 |       ||     1
